 Dungeon Crawl Stone Soup version 0.25-a0-474-ga8a2ee3166 (webtiles) character file.

Game seed: 1099362275597148632, levelgen mode: deterministic

35 Baz the Gusty (level 3, 0/16 HPs)
             Began as a Vine Stalker Air Elementalist on Feb 8, 2020.
             Slain by Natasha (6 damage)
             ... on level 2 of the Dungeon.
             The game lasted 00:03:36 (1795 turns).

Baz the Gusty (Vine Stalker Air Elementalist)       Turns: 1795, Time: 00:03:37

Health: 0/16       AC:  3    Str: 10    XL:     3   Next: 35%
Magic:  0/7        EV: 12    Int: 16    God:
Gold:   70         SH:  0    Dex: 14    Spells: 1/7 levels left

rFire    . . .     SeeInvis .   d - +0 dagger
rCold    . . .     Gourm    .   (no shield)
rNeg     . . .     Faith    .   a - +0 robe
rPois    .         Spirit   +   (no helmet)
rElec    .         Reflect  .   b - +0 cloak
rCorr    .         Harm     .   (no gloves)
MR       .....                  (no boots)
Stlth    ++........             (no amulet)
HPRegen  0.05/turn              (no ring)
MPRegen  0.10/turn              (no ring)

@: no status effects
A: fangs 2, magic shield, antimagic bite, no potion heal 3, rot immunity
a: no special abilities


You were on level 2 of the Dungeon.
You were not hungry.

You visited 1 branch of the dungeon, and saw 2 of its levels.

You collected 70 gold pieces.

Inventory:

Hand Weapons
 d - a +0 dagger (weapon)
Armour
 a - a +0 robe (worn)
 b - a +0 cloak (worn)
Scrolls
 e - a scroll of remove curse {unknown}
 g - a scroll of blinking {unknown}
 i - a scroll of fog {unknown}
Potions
 f - a potion of haste {unknown}
 h - a potion of agility {unknown}
Comestibles
 c - 3 rations
 j - 2 chunks of flesh


   Skills:
 - Level 1.5 Dodging
 + Level 3.1 Stealth
 + Level 2.6 Spellcasting
 * Level 1.9 Conjurations
 + Level 3.3 Air Magic


You had one spell level left.
You knew the following spells:

 Your Spells              Type           Power        Failure   Level  Hunger
a - Shock                 Conj/Air       ##..         7%          1    #......
b - Static Discharge      Conj/Air       ##......     21%         3    ###....
c - Swiftness             Chrm/Air       #.......     16%         2    ##.....

Your spell library contained the following spells:

 Spells                   Type           Power        Failure   Level  Hunger
 Airstrike                Air            ##........   45%         4    #####..
 Lightning Bolt           Conj/Air       ##........   88%         5    ######.


Dungeon Overview and Level Annotations

Branches:
Dungeon (2/15)

Altars:

Annotations:
D:2 Natasha


Innate Abilities, Weirdness & Mutations

You have extremely sharp teeth.
When hurt, damage is shared between your health and your magic reserves.
Your bite disrupts and absorbs the magic of your enemies.
Potions cannot restore your health.
You are immune to rotting.


Message History

Aiming: Shock (safe; 7% risk of failure)
Press: ? - help, Shift-Dir - straight line, p - Natasha The zap hits Natasha.
Natasha is moderately wounded.
The zap hits Natasha.
Natasha is heavily wounded.
The zap misses the white imp.
Natasha completely misses you.
The crimson imp shouts, "Scamper hence, thou bootless nut-hook bloater!"
Casting: Shock (safe; 7% risk of failure)
Confirm with . or Enter, or press ? or * to list all spells.
Aiming: Shock (safe; 7% risk of failure)
Press: ? - help, Shift-Dir - straight line The zap hits Natasha but does no damage.
Natasha is heavily wounded.
The zap hits Natasha.
Natasha is severely wounded.
The zap misses the white imp.
The zap misses the crimson imp.
You feel yourself speed up. Natasha claws you. x2
You die...

.h........##### #........
..... .<....... #...# ..
......... #...# ##.#
(.b...... #...# #######
#.. . ......... #...#
#.....# #.# ##. ........!
#..h###.###.###.####...
#........ #...##..#
#..#.......#. ##....).#
#...#.@## ##.#..##..##.
####.## #...#h##
#)...[...# #.
#...55#####...[.##.# #.
#........#.....###.###.
######..##.....#.###.....
.......รท...##.##...#####.
.###..#.......####..# #.
#.#..#....## ##.####.
......##.....# #..#...


You could see Natasha, a crimson imp and a white imp.

Vanquished Creatures
  A dart slug (D:1)
  2 leopard geckos
  An orc (D:2)
  A giant cockroach (D:1)
  6 goblins (D:1)
  5 kobolds
  6 bats
  A frilled lizard (D:2)
  8 rats
31 creatures vanquished.

Notes
Turn   | Place    | Note
-------+----------+-------------------------------------------
     0 | D:1      | Baz the Vine Stalker Air Elementalist began the quest for
                  | the Orb.
     0 | D:1      | Reached XP level 1. HP: 9/9 MP: 4/4
   559 | D:1      | Reached XP level 2. HP: 13/13 MP: 0/6
  1112 | D:1      | Reached XP level 3. HP: 16/16 MP: 2/7
  1492 | D:2      | Noticed Natasha
  1591 | D:1      | Learned a level 3 spell: Static Discharge
  1594 | D:1      | Learned a level 2 spell: Swiftness
  1795 | D:2      | Slain by Natasha

Levels and vault maps discovered:
D:1:      lightli_arrival_statue_moat, layout_loops_ring
D:2:      layout_rooms, kennysheep_cross_bottleneck, uniq_natasha

Skill      XL: |  1  2 |
---------------+-------+-----
Stealth        | 3 |  3.1
Dodging        | |  1.5
Spellcasting   | |  2.6
Conjurations   | |  1.9
Air Magic      | |  3.3

Action                   || total
-------------------------++-------
Melee: Unarmed           ||     4
       Dagger            ||     1
 Cast: Shock             ||    70
 Stab: Sleeping          ||     1
  Eat: Chunk             ||     3
Armor: Robe              ||     5
Dodge: Dodged            ||    29

Table legend:
 A = Non-vault XP
 B = Vault XP
 C = Vault XP percentage of total XP
 D = Non-vault monster count
 E = Vault monster count
 F = Vault count percentage of total count
                 A         B        C        D         E       F
            +---------+---------+-------+---------+---------+-------
      Total |      51 |       0 |   0.0 |      31 |       0 |   0.0
            +---------+---------+-------+---------+---------+-------
        D:1 |      38 |       0 |   0.0 |      24 |       0 |   0.0
        D:2 |      13 |       0 |   0.0 |       7 |       0 |   0.0
            +---------+---------+-------+---------+---------+-------
